 Dungeon Crawl Stone Soup version 0.26-a0-835-g8259106e14 (webtiles) character file.

Game seed: 6389162947881726058

452 jestyr24 the Conjurer (level 6, -1/46 HPs)
             Began as a Draconian Conjurer on Nov 18, 2020.
             Slain by a wraith (6 damage)
             ... in an ossuary.
             The game lasted 00:34:56 (4210 turns).

jestyr24 the Conjurer (Draconian Conjurer)          Turns: 4210, Time: 00:34:57

Health: -1/46      AC:  7    Str:  9    XL:     6   Next: 75%
Magic:  2/11       EV: 12    Int: 18    God:
Gold:   238        SH:  0    Dex: 12    Spells: 9/12 levels left

rFire    . . .     SeeInvis .   o - +0 rapier
rCold    . . .     Faith    .   (no shield)
rNeg     . . .     Spirit   .   (armour unavailable)
rPois    .         Reflect  .   (helmet restricted)
rElec    .         Harm     .   (no cloak)
rCorr    .         Rampage  .   m - +0 pair of gloves (curse)
MR       .....                  (no boots)
Stlth    ++........             (no amulet)
HPRegen  0.15/turn              (no ring)
MPRegen  0.12/turn              (no ring)

@: slowed, very slow
A: unfitting armour, stinger 1, agile 1, dopey 1, cold-blooded, AC +6
a: no special abilities


You were in an ossuary.
You visited 1 branch of the dungeon, and saw 4 of its levels.
You also visited: Ossuary.

You collected 238 gold pieces.

Inventory:

Hand Weapons
 b - a +0 spear
 d - a +0 club
 n - a +0 morningstar
 o - a +0 rapier (weapon)
 p - a +0 mace
Missiles
 l - 2 javelins (quivered)
Armour
 f - a +2 kite shield of cold resistance
 m - a cursed +0 pair of gloves (worn)
Jewellery
 i - a +6 ring of strength
 j - an uncursed ring of fire
Wands
 q - a wand of paralysis (7)
Scrolls
 c - a scroll of fog {unknown}
 h - 2 scrolls of amnesia
 k - 5 scrolls of identify
 r - a scroll of fear {unknown}
 v - a scroll of enchant weapon {unknown}
Potions
 a - a potion of cancellation
 e - a potion of curing {unknown}
 g - 2 potions of attraction {unknown}
 s - a potion of degeneration {unknown}
 t - a potion of lignification {unknown}
 u - a potion of invisibility {unknown}


   Skills:
 - Level 0.6 Fighting
 + Level 2.5 Dodging
 + Level 2.6 Stealth
 + Level 3.9 Spellcasting
 + Level 6.2 Conjurations
 * Level 1.4 Evocations


You had 9 spell levels left.
You knew the following spells:

 Your Spells              Type           Power        Failure   Level
a - Magic Dart            Conj           ####         1%          1
b - Searing Ray           Conj           ####..       1%          2

Your spell library contained the following spells:

 Spells                   Type           Power        Failure   Level
 Dazzling Flash           Conj/Hex       ##....       12%         3
 Fulminant Prism          Conj/Hex       ##........   38%         4
 Iskenderun's Mystic Bla  Conj/Tloc      ##......     38%         4


Dungeon Overview and Level Annotations

Branches:
Dungeon (4/15)            Ossuary (1/1)
 Temple: D:4-7

Altars:
Ashenzari
Hepliaklqana
Kikubaaqudgha

Annotations:
D:3 3 runed translucent doors, avis's ghost, amateur OgTm


Innate Abilities, Weirdness & Mutations

Your plain brown scales are hard. (AC +6)
You cannot fit into any form of body armour.
You are cold-blooded and may be slowed by cold attacks.
Your tail ends in a poisonous barb.
You are agile. (Dex +2)
You are dopey. (Int -2)


Message History

You feel as though you will be slow longer.
The searing ray hits the wraith!
The wraith is severely damaged.
The wraith hits you! The wraith drains your vigour!
You feel as though you will be slow longer.
The wraith closely misses you.
The searing ray hits the wraith.
The wraith is severely damaged.
The wraith hits you!
* * * LOW HITPOINT WARNING * * *
The wraith drains your vigour!
You feel as though you will be slow longer.
The searing ray hits the wraith!
The wraith is almost destroyed.
You finish channeling your searing ray.
The wraith hits you.
* * * LOW HITPOINT WARNING * * *
The wraith drains your vigour!
You feel as though you will be slow longer.
The wraith hits you.
You die...

#####################
....................#
..................∩.#
..#####'#####.......#
#....@W...##......#
#...#####...##.....#
#...##...##...##....#
#...##.!.?.##W..#....#
+.. #.?.???W+...+....#
#. ##.?...##...#....#
# .##...##...##....#
..##### ..##.....# ..
..##......#


You could see a wraith.

Vanquished Creatures
  Eustachio (D:4)
  An orc priest (D:3)
  An orc wizard (D:3)
  Jessica (D:2)
  An iguana (D:2)
  A worker ant (D:3)
  A mummy (Ossuary)
  5 adders
  An ooze (D:3)
  A worm (D:2)
  A dart slug (D:2)
  5 leopard geckos
  6 orcs (D:3)
  4 bat skeletons (D:2)
  A bat zombie (D:2)
  2 giant cockroaches (D:2)
  7 goblins
  4 hobgoblins
  10 jackals
  8 kobolds
  A quokka (D:2)
  4 ball pythons
  5 bats
  5 frilled lizards
  4 gnoll skeletons (Ossuary)
  5 kobold skeletons (Ossuary)
  8 orc skeletons (Ossuary)
  11 rats
105 creatures vanquished.

Vanquished Creatures (others)
  4 plants (D:3)
4 creatures vanquished.

Grand Total: 109 creatures vanquished

Notes
Turn   | Place    | Note
-------+----------+-------------------------------------------
     0 | D:1      | jestyr24 the Draconian Conjurer began the quest for the
                  | Orb.
     0 | D:1      | Reached XP level 1. HP: 14/14 MP: 3/3
   334 | D:1      | Reached XP level 2. HP: 16/20 MP: 0/5
   916 | D:2      | Noticed Jessica
   920 | D:2      | Killed Jessica
   921 | D:2      | Reached XP level 3. HP: 26/26 MP: 1/6
  1013 | D:1      | Learned a level 2 spell: Searing Ray
  1051 | D:2      | Reached skill level 5 in Conjurations
  1223 | D:2      | Reached XP level 4. HP: 14/33 MP: 1/7
  1546 | D:2      | Gained mutation: You are dopey. (Int -2) [potion of
                  | mutation]
  1546 | D:2      | Gained mutation: Your tail ends in a poisonous barb.
                  | [potion of mutation]
  1546 | D:2      | Gained mutation: You are agile. (Dex +2) [potion of
                  | mutation]
  1993 | D:2      | Found an ancient bone altar of Kikubaaqudgha.
  2167 | D:2      | Reached XP level 5. HP: 27/39 MP: 2/9
  2461 | D:3      | Found a hazy altar of Hepliaklqana.
  2711 | D:3      | Found a runed translucent gate.
  2712 | D:3      | Found a runed translucent gate.
  2722 | D:3      | Found a runed translucent gate.
  2724 | D:3      | Noticed avis's ghost (amateur OgTm)
  3072 | D:3      | Found a broken altar of Ashenzari.
  3383 | D:3      | Reached XP level 6. HP: 35/46 MP: 2/11
  3464 | D:3      | Reached skill level 6 in Conjurations
  3808 | D:4      | Noticed Eustachio
  3817 | D:4      | Killed Eustachio
  3818 | D:4      | Reached skill level 1 in Evocations
  3917 | D:4      | Found a sand-covered staircase.
  3922 | Ossuary  | Entered an ossuary
  3922 | Ossuary  | Noticed a wraith
  3922 | Ossuary  | Noticed a wraith
  3922 | Ossuary  | Noticed a wraith
  4193 | Ossuary  | Noticed a wraith
  4210 | Ossuary  | Slain by a wraith

Illustrated notes

Levels and vault maps discovered:
D:1:      sevenhm_arrival_forest_fort_large_1, layout_rooms
D:2:      layout_basic, kennysheep_vampire_church, grunt_ministairs_10,
          st_stairs_5, uniq_jessica
D:3:      minmay_angry_zag, layout_basic, lemuel_doored_altar,
          ashenzari_conservatory_becter, gammafunk_ghost_nasty_kobolds
D:4:      kennysheep_spiral_hall, layout_layer_cave, enter_ossuary_5,
          okawaru_trees_2, uniq_eustachio
Ossuary:  ossuary_due_mausoleum

Skill      XL: |  1  2  3  4  5  6 |
---------------+-------------------+-----
Stealth        | 2 |  2.6
Conjurations   | 5 6 |  6.2
Dodging        | 2 |  2.5
Spellcasting   | 3 |  3.9
Evocations     | 1 |  1.4
Fighting       | |  0.6

Action                   |  1- 3 |  4- 6 || total
-------------------------+-------+-------++-------
Melee: Spear             |     6 |    14 ||    20
       Tailslap          |     1 |     1 ||     2
       Rapier            |       |     5 ||     5
 Cast: Magic Dart        |    44 |    82 ||   126
       Searing Ray       |     4 |    30 ||    34
  Use: Scroll            |     1 |     6 ||     7
       Potion            |       |     1 ||     1
 Stab: Sleeping          |       |     1 ||     1
Armor: Skin              |     2 |    22 ||    24
Dodge: Dodged            |     9 |    56 ||    65

Table legend: (Time is in decaauts)
 A = Elapsed time spent in this place.
 B = Non-inter-level travel time spent in this place.
 C = Inter-level travel time spent in this place.
 D = Time resting spent in this place.
 E = Time spent auto-exploring this place.
 F = Levels seen in this place.
 G = Mean time per level.
                   A        B        C        D        E       F      G
               +--------+--------+--------+--------+--------+-----+--------+
         Total |   4223 |   4136 |     87 |   1592 |   1347 |   5 |  844.6 |
       Dungeon |   3932 |   3845 |     87 |   1434 |   1347 |   4 |  983.0 |
       Ossuary |    290 |    290 |      0 |    158 |      0 |   1 |  290.0 |
               +--------+--------+--------+--------+--------+-----+--------+

Top non-repeatable levels by time:
     D:2: 1275 daAuts
     D:3: 1275 daAuts
     D:1: 1259 daAuts
 Ossuary: 290 daAuts
     D:4: 122 daAuts
